 Dungeon Crawl Stone Soup version 0.28-a0-1002-gf00fe891ef (webtiles) character file.

Game seed: 13445390144220194119

1527 ytrimaz the Insei (level 8, 0/48 HPs)
             Began as an Octopode Transmuter on Dec 6, 2021.
             Slain by a bullfrog skeleton (5 damage)
             ... on level 6 of the Dungeon.
             The game lasted 00:08:01 (7869 turns).

ytrimaz the Insei (Octopode Transmuter)             Turns: 7869, Time: 00:08:02

Health: 0/48       AC:  2    Str: 10    XL:     8   Next: 85%
Magic:  11/14      EV: 22    Int: 17    God:
Gold:   294        SH:  0    Dex: 17    Spells: 7/15 levels left

rFire   . . .      SeeInvis .     - Unarmed
rCold   . . .      Faith    .   (shield currently unavailable)
rNeg    . . .      Spirit   .   (helmet currently unavailable)
rPois   x          Reflect  .   (no amulet)
rElec   .          Harm     .   (no ring)
rCorr   .          Rampage  .   (no ring)
Will    .....                   (no ring)
Stlth   ++........              (no ring)
HPRegen 0.16/turn               (no ring)
MPRegen 0.14/turn               (no ring)
                                (no ring)
                                (no ring)

@: about to teleport, spider-form
A: venomous fangs, almost no armour, (amphibious), 8 rings, tiny, (camouflage
1), (gelatinous body 1), (nimble swimmer 1), (tentacles)
a: End Transformation


You were on level 6 of the Dungeon.
You were a venomous arachnid creature.
You visited 1 branch of the dungeon, and saw 6 of its levels.

You collected 294 gold pieces.

Inventory:

Wands
 a - a wand of polymorph (12)
 b - a wand of flame (41)
 g - a wand of paralysis (13)
 j - a wand of iceblast (13)
Potions
 c - 2 potions of might
 d - a potion of flight
 e - a potion of invisibility {unknown}
 f - 2 potions of curing
 h - 2 potions of berserk rage {unknown}
 i - a potion of cancellation {unknown}
 l - a potion of heal wounds {unknown}


   Skills:
 - Level 1.0 Fighting
 * Level 5.0 Dodging
 + Level 7.0 Unarmed Combat
 * Level 4.4 Spellcasting
 * Level 4.5 Transmutations
 * Level 4.4 Poison Magic


You had 7 spell levels left.
You knew the following spells:

 Your Spells              Type           Power      Damage    Failure   Level
a - Beastly Appendage     Tmut           38%        N/A       9%          1
b - Spider Form           Tmut/Pois      19%        N/A       19%         3
c - Ice Form              Ice/Tmut       11%        N/A       73%         4

Your spell library contained the following spells:

 Spells                   Type           Power      Damage    Failure   Level
 Wereblood                Tmut           19%        N/A       12%         2
 Poisonous Vapours        Pois/Air       22%        N/A       24%         2
 Corpse Rot               Necr/Air       6%         N/A       43%         2
 Ensorcelled Hibernation  Hex/Ice        6%         N/A       43%         2
 Tukima's Dance           Hex            3%         N/A       63%         3


Dungeon Overview and Level Annotations

Branches:
Dungeon (6/15)             Temple (0/1) D:6

Altars:
Makhleb
Qazlal

Annotations:
D:2 1 runed translucent door, Crazy Yiuf


Innate Abilities, Weirdness & Mutations

You are a venomous arachnid creature.
You have poisonous fangs.
You are tiny and dextrous.
Your spellcasting is less reliable in this form.
Your armour is entirely melded.
You are incapable of wielding weapons or throwing items.
You cannot wear most types of armour.
((You are amphibious.))
You can wear up to eight rings at the same time.
((Your skin changes colour to match your surroundings (Stealth+).))
((Your rubbery body absorbs attacks. (AC +1, EV +1)))
((You are camouflaged near water. (Stealth+)))
((You have tentacles for arms and can constrict up to eight enemies at once.))


Message History

You bite the human!
The human looks as sick as possible!
The human is severely wounded.
The human misses you.
You closely miss the human.
The human is almost dead.
The human completely misses you.
You hit the human but do no damage.
The human looks as sick as possible!
The human is almost dead.
You hit the human.
You kill the human!
Your Dodging skill increases to level 5!
Your Unarmed Combat skill increases to level 7!
You closely miss the human. The human completely misses you.
You barely miss the human. You hit the human.
The human is poisoned.
The human is lightly wounded.
The human hits you with a +0 club!
You hit the human.
The human looks as sick as possible!
The human is lightly wounded.
The human hits you with a +0 club!
* * * LOW HITPOINT WARNING * * *
You barely miss the human.
The human is moderately wounded.
The human closely misses you.
Unknown command.
You hit the human.
The human is heavily wounded.
The human hits you with a +0 club!
* * * LOW HITPOINT WARNING * * *
Unknown command.
A bullfrog skeleton comes into view.
Okay, then.
As you read the scroll of teleportation, it crumbles to dust.
You feel strangely unstable. The human completely misses you.
Unknown command.
The bullfrog skeleton closely misses you.
You hit the bullfrog skeleton.
The bullfrog skeleton is lightly damaged.
The bullfrog skeleton hits you.
You die...

.....#.## .........
.......### ###...####
.......... ####.....#
.........#
.#######.###########.##
...##......pOpppsZ....#
......###..############
####.## ##.#
#...###.###
##...(....###
#####......#
#.......... #.##...#...
#. ##p# ..


You could see 4 humans, an ogre and a bullfrog skeleton.

Vanquished Creatures
  Eustachio (D:5)
  A human (D:6)
  A black bear (D:3)
  A sky beast (D:6)
  A necrophage (D:5)
  An ogre (D:4)
  2 centaurs
  A phantom (D:3)
  A scorpion (D:5)
  A howler monkey (D:4)
  A centaur zombie (D:5)
  4 hounds
  A bullfrog zombie (D:5)
  2 jellies
  2 orc priests
  2 orc wizards (D:4)
  4 gnolls (D:3)
  8 adders
  An ufetubus (D:6)
  2 adder skeletons (D:4)
  3 worms
  2 dart slugs (D:1)
  7 orcs
  4 bats
  8 endoplasms
  6 giant cockroaches
  8 goblins
  5 hobgoblins
  4 jackals (D:1)
  6 kobolds
  3 quokkas
  6 ball pythons
  4 frilled lizards
  7 rats
111 creatures vanquished.

Notes
Turn   | Place    | Note
-------+----------+-------------------------------------------
     0 | D:1      | ytrimaz the Octopode Transmuter began the quest for the
                  | Orb.
     0 | D:1      | Reached XP level 1. HP: 13/13 MP: 3/3
   489 | D:1      | Reached XP level 2. HP: 15/18 MP: 5/5
  1240 | D:1      | Reached XP level 3. HP: 23/23 MP: 4/6
  2070 | D:2      | Found a runed translucent door.
  2071 | D:2      | Noticed Crazy Yiuf
  2110 | D:2      | Reached skill level 4 in Unarmed Combat
  2360 | D:2      | Learned a level 3 spell: Spider Form
  3064 | D:2      | Reached XP level 4. HP: 26/28 MP: 7/7
  3739 | D:3      | Reached skill level 1 in Poison Magic
  3847 | D:3      | Reached XP level 5. HP: 24/33 MP: 5/8
  4077 | D:3      | Noticed a phantom
  4100 | D:3      | Killed a phantom
  4101 | D:3      | Reached XP level 6. HP: 29/38 MP: 7/9
  4208 | D:3      | Noticed a black bear
  4229 | D:3      | Killed a black bear
  4230 | D:3      | Reached skill level 5 in Unarmed Combat
  4731 | D:3      | Found a faded altar of an unknown god.
  5157 | D:4      | Reached XP level 7. HP: 42/43 MP: 7/11
  5989 | D:4      | Learned a level 4 spell: Ice Form
  6380 | D:5      | Entered Level 5 of the Dungeon
  6386 | D:5      | Noticed Eustachio
  6407 | D:5      | Killed Eustachio
  6408 | D:5      | Reached skill level 6 in Unarmed Combat
  6656 | D:5      | Reached XP level 8. HP: 47/48 MP: 8/13
  6846 | D:5      | Found a burning altar of Makhleb.
  7379 | D:5      | Found a stormy altar of Qazlal.
  7458 | D:6      | Found a staircase to the Ecumenical Temple.
  7858 | D:6      | Reached skill level 5 in Dodging
  7858 | D:6      | Reached skill level 7 in Unarmed Combat
  7869 | D:6      | Slain by a bullfrog skeleton

Illustrated notes

Levels and vault maps discovered:
D:1:      lightli_arrival_noodles, layout_loops_corners
D:2:      layout_basic, kennysheep_generic_room_12, uniq_crazy_yiuf_cottage
D:3:      layout_basic, dilly_ecumenical_altar_fadedgnrine
D:4:      layout_basic
D:5:      layout_cave_pools, bloody_makhleb, general_overflow_altar,
          uniq_eustachio
D:6:      layout_rooms, amcnicky_altar_gilded,
          minmay_temple_entry_drinking_statues, gup_sewer_entry_bubbles,
          minmay_ruffians

Skill      XL: |  1  2  3  4  5  6  7  8 |
---------------+-------------------------+-----
Unarmed Combat | 4 5 6 7 |  7.0
Poison Magic   | 1 2 3 4 |  4.4
Dodging        | 3 4 5 |  5.0
Transmutations | 3 4 |  4.5
Spellcasting   | 3 4 |  4.4
Fighting       | |  1.0

Action                   |  1- 3 |  4- 6 |  7- 9 || total
-------------------------+-------+-------+-------++-------
Melee: Unarmed           |   133 |   100 |   146 ||   379
       Tentacles         |    18 |    10 |     8 ||    36
       Constrict         |    32 |    12 |     9 ||    53
       Kick              |     6 |     2 |       ||     8
       Punch             |     3 |     4 |       ||     7
 Cast: Beastly Appendage |     5 |     5 |     1 ||    11
       Spider Form       |       |     6 |    14 ||    20
  Use: Scroll            |     2 |     4 |     4 ||    10
       Potion            |       |     1 |     3 ||     4
 Stab: Sleeping          |     8 |     5 |     2 ||    15
Armor: Skin              |    13 |     9 |    10 ||    32
Dodge: Dodged            |    69 |    72 |   139 ||   280

Table legend: (Time is in decaauts)
 A = Elapsed time spent in this place.
 B = Non-inter-level travel time spent in this place.
 C = Inter-level travel time spent in this place.
 D = Time resting spent in this place.
 E = Time spent auto-exploring this place.
 F = Levels seen in this place.
 G = Mean time per level.
                   A        B        C        D        E       F      G
               +--------+--------+--------+--------+--------+-----+--------+
         Total |   7816 |   7662 |    154 |    966 |   5451 |   6 | 1302.7 |
       Dungeon |   7816 |   7662 |    154 |    966 |   5451 |   6 | 1302.7 |
               +--------+--------+--------+--------+--------+-----+--------+

Top non-repeatable levels by time:
     D:2: 2036 daAuts
     D:1: 1678 daAuts
     D:4: 1463 daAuts
     D:5: 1246 daAuts
     D:3: 1160 daAuts
     D:6: 231 daAuts
